 Dungeon Crawl Stone Soup version 0.22-b1-59-g0aedee7 (webtiles) character file.

738 zishaf the Sneak (level 7, -5/32 HPs)
             Began as a Spriggan Enchanter on Aug 9, 2018.
             Slain by a water moccasin (7 damage)
             ... on level 5 of the Dungeon.
             The game lasted 00:10:26 (3760 turns).

zishaf the Sneak (Spriggan Enchanter)               Turns: 3760, Time: 00:10:27

Health: -5/32      AC:  3    Str:  4    XL:     7   Next: 46%
Magic:  4/14       EV: 22    Int: 19    God:
Gold:   264        SH:  3    Dex: 16    Spells: 5/14 levels left

rFire    . . .     SeeInvis +   a - +1 dagger
rCold    . . .     Gourm    .   (shield restricted)
rNeg     + . .     Faith    .   l - +1 robe {rN+}
rPois    .         Spirit   .   (helmet restricted)
rElec    .         Reflect  +   (no cloak)
rCorr    .         Harm     .   (gloves unavailable)
MR       +....                  (boots unavailable)
Stlth    ++++......             s - +3 amulet of reflection
HPRegen  0.10/turn              (no ring)
MPRegen  0.14/turn              (no ring)

@: lethally poisoned (-5 -> -18), hasted, very quick
A: very small, unfitting armour, see invisible, herbivore, speed 3, slow
metabolism 2
a: no special abilities


You were on level 5 of the Dungeon.
You were not hungry.

You visited 1 branch of the dungeon, and saw 5 of its levels.

You collected 264 gold pieces.

Inventory:

Hand Weapons
 a - a +1 dagger (weapon)
 g - a +1 short sword of holy wrath
Missiles
 b - 34 poisoned needles
Armour
 l - a +1 robe of positive energy (worn)
Jewellery
 s - a +3 amulet of reflection (around neck)
Scrolls
 e - 5 scrolls of remove curse {unknown}
 i - 2 scrolls of teleportation {unknown}
 j - 4 scrolls of identify {unknown}
 m - a scroll of immolation {unknown}
 r - a scroll of enchant armour {unknown}
 t - a scroll of enchant weapon {unknown}
Potions
 c - a potion of brilliance {unknown}
 f - a potion of haste
 h - a potion of berserk rage {unknown}
 k - a potion of cancellation {unknown}
 n - a potion of ambrosia {unknown}
 o - a potion of lignification {unknown}
 p - 2 potions of degeneration {unknown}
 q - a potion of heal wounds {unknown}
Comestibles
 d - 7 rations


   Skills:
 + Level 3.1 Short Blades
 * Level 6.6 Dodging
 * Level 7.8 Stealth
 + Level 4.3 Spellcasting
 * Level 6.2 Hexes


You had 5 spell levels left.
You knew the following spells:

 Your Spells              Type           Power        Failure   Level  Hunger
a - Corona                Hex            ####...      1%          1    None
b - Ensorcelled Hibernat  Hex/Ice        ###...       5%          2    #......
c - Confuse               Hex            ####....     3%          3    ###....
d - Tukima's Dance        Hex            ####....     3%          3    ###....

Your spell library contained the following spells:

 Spells                   Type           Power        Failure   Level  Hunger
 Dazzling Spray           Conj/Hex       ###...       11%         3    ###....


Dungeon Overview and Level Annotations

Branches:
Dungeon (5/15)
 Temple: D:4-7

Altars:
Fedhas
Uskayaw


Innate Abilities, Weirdness & Mutations

You are very small and have problems with some larger weapons.
You are too small for most types of armour.
You have supernaturally acute eyesight. (SInv)
You are a herbivore.
You cover ground extremely quickly.
You need to consume almost no food.


Message History

You feel sick.
You feel sick.
You feel sick.
You feel sick.
There is an open door here.
You feel sick.
You feel sick.
There is an open door here.
You feel sick.
You feel sick. The water moccasin bites you.
* * * LOW HITPOINT WARNING * * *
You are lethally poisoned!
The water moccasin poisons you!
* * * LOW HITPOINT WARNING * * *
You feel sick.
It was a potion of haste.
You feel yourself speed up.
* * * LOW HITPOINT WARNING * * *
You feel sick. The water moccasin bites you!
You die...

#...#.......#........#....
#...#..##'#####...##+#...S
######........#...#.......
#........'...#.......
#........#...#.......
#........#...#.......
#........#...#.......
#....S...#...#.......
#...@....#...'.......
#######........#####.......
#.......................###
#.......................#..
#.....).................#..
#.......................#).
#........>..............#..
#.......................#..
#.......................###


You could see a water moccasin.

Vanquished Creatures
  An ice beast (D:5)
  A sky beast (D:5)
  2 ogres
  2 bullfrog skeletons
  Jessica (D:2)
  An iguana (D:4)
  Natasha (twice) (D:2)
  Terence (D:3)
  A worker ant (D:4)
  A worker ant zombie (D:5)
  A gnoll (D:4)
  9 adders
  An ooze (D:3)
  A dart slug (D:3)
  A worm (D:3)
  A leopard gecko (D:5)
  4 orcs
  A ball python (D:2)
  5 bats
  5 giant cockroaches
  9 hobgoblins
  6 jackals
  4 kobolds
  2 frilled lizards
  4 goblins
  A jackal skeleton (D:5)
  7 rats
75 creatures vanquished.

Notes
Turn   | Place    | Note
-------+----------+-------------------------------------------
     0 | D:1      | zishaf the Spriggan Enchanter began the quest for the Orb.
     0 | D:1      | Reached XP level 1. HP: 9/9 MP: 5/5
   168 | D:1      | Reached XP level 2. HP: 12/13 MP: 6/6
   176 | D:1      | Learned a level 2 spell: Ensorcelled Hibernation
   627 | D:2      | Noticed Jessica
   631 | D:2      | Killed Jessica
   631 | D:2      | Reached skill level 5 in Stealth
   631 | D:2      | Reached XP level 3. HP: 16/16 MP: 3/8
   806 | D:2      | Noticed Natasha
   808 | D:2      | Killed Natasha
   808 | D:2      | Reached XP level 4. HP: 21/21 MP: 9/9
   914 | D:2      | Noticed Natasha
   922 | D:2      | Killed Natasha
  1001 | D:2      | Learned a level 3 spell: Confuse
  1005 | D:2      | Learned a level 3 spell: Tukima's Dance
  1485 | D:3      | Reached XP level 5. HP: 19/24 MP: 8/11
  1827 | D:3      | Noticed Terence
  1829 | D:3      | Killed Terence
  1829 | D:3      | Reached skill level 6 in Stealth
  1937 | D:3      | Reached skill level 5 in Dodging
  2090 | D:3      | Found a blossoming altar of Fedhas.
  2113 | D:3      | Reached skill level 5 in Hexes
  2455 | D:4      | Found a hide-covered altar of Uskayaw.
  2863 | D:4      | Noticed an ogre
  2876 | D:4      | Killed an ogre
  2876 | D:4      | Reached XP level 6. HP: 24/28 MP: 0/12
  3169 | D:5      | Entered Level 5 of the Dungeon
  3209 | D:5      | Reached skill level 7 in Stealth
  3213 | D:5      | Noticed a sky beast
  3221 | D:5      | Killed a sky beast
  3221 | D:5      | Reached XP level 7. HP: 22/32 MP: 5/14
  3760 | D:5      | Slain by a water moccasin

Skill      XL: |  1  2  3  4  5  6  7 |
---------------+----------------------+-----
Hexes          | 4 5 6 |  6.2
Stealth        | 5 6 7 |  7.8
Spellcasting   | 3 4 |  4.3
Dodging        | 4 5 6 |  6.6
Short Blades   | 2 3 |  3.1

Action                   |  1- 3 |  4- 6 |  7- 9 || total
-------------------------+-------+-------+-------++-------
Melee: Dagger            |    46 |   121 |    32 ||   199
       Short sword       |       |     6 |       ||     6
 Cast: Ensorcelled Hiber |    11 |    43 |    13 ||    67
       Confuse           |       |       |     1 ||     1
  Use: Potion            |       |       |     1 ||     1
 Stab: Sleeping          |    14 |    34 |     3 ||    51
       Confused          |       |       |     2 ||     2
  Eat: Ration            |       |     1 |     1 ||     2
Armor: Robe              |     5 |    11 |     3 ||    19
Dodge: Dodged            |    42 |   111 |    27 ||   180
Block: Other             |       |     2 |     3 ||     5
